 Dungeon Crawl Stone Soup version 0.24.0-123-gd5b16e6ec5 (webtiles) character file.

Game seed: 10858023417175122514, levelgen mode: deterministic

91 DeadFury222 the Chopper (level 4, -1/41 HPs)
             Began as a Hill Orc Monk on Jan 10, 2020.
             Slain by a gnoll
             ... wielding a +0 spear
              (5 damage)
             ... on level 2 of the Dungeon.
             The game lasted 00:04:15 (2112 turns).

DeadFury222 the Chopper (Hill Orc Monk)             Turns: 2112, Time: 00:04:16

Health: -1/41      AC:  8    Str: 14    XL:     4   Next: 57%
Magic:  4/4        EV:  7    Int: 10    God:
Gold:   69         SH:  0    Dex: 13    Spells: 3/3 levels left

rFire    . . .     SeeInvis .   a - +0 hand axe
rCold    . . .     Gourm    .   (no shield)
rNeg     . . .     Faith    .   g - +0 chain mail
rPois    .         Spirit   .   (no helmet)
rElec    .         Reflect  .   (no cloak)
rCorr    .         Harm     .   (no gloves)
MR       .....                  (no boots)
Stlth    ..........             (no amulet)
HPRegen  0.13/turn              (no ring)
MPRegen  0.09/turn              (no ring)

@: no status effects
A: no striking features
a: no special abilities


You were on level 2 of the Dungeon.
You were not hungry.

You visited 1 branch of the dungeon, and saw 2 of its levels.

You collected 69 gold pieces.

Inventory:

Hand Weapons
 a - a +0 hand axe (weapon)
Missiles
 b - 62 stones (quivered)
Armour
 g - a +0 chain mail (worn)
Scrolls
 d - 2 scrolls of fog {unknown}
 e - a scroll of identify {unknown}
 h - a scroll of remove curse {unknown}
 j - a scroll of immolation {unknown}
Potions
 f - a potion of degeneration {unknown}
 i - a potion of curing {unknown}
Comestibles
 c - 2 rations
 k - 3 chunks of flesh


   Skills:
 + Level 4.3 Fighting
 + Level 5.2 Axes
 * Level 2.6 Armour
 - Level 2.4 Dodging
 - Level 1.5 Stealth


You had 3 spell levels left.
You didn't know any spells.
Your spell library was empty.

Dungeon Overview and Level Annotations

Branches:
Dungeon (2/15)

Altars:
Nemelex Xobeh


Message History

You closely miss the gnoll. The gnoll hits you but does no damage.
The gnoll hits you from afar with a +0 spear.
The gnoll hits you with a +0 flail!
* * * LOW HITPOINT WARNING * * *
You hit the gnoll.
You kill the gnoll!
You closely miss the gnoll. The gnoll barely misses you.
The gnoll hits you but does no damage.
The gnoll hits you but does no damage. x2; The gnoll hits you with a +0 spear.
* * * LOW HITPOINT WARNING * * *
Things that are here:
a +0 flail; a scroll labeled EBLESO RIALO Your chain mail prevents you from hitting the gnoll.
The gnoll hits you but does no damage.
The gnoll hits you from afar with a +0 spear.
* * * LOW HITPOINT WARNING * * *
The gnoll barely misses you.
You closely miss the gnoll.
The gnoll hits you but does no damage. x2
The gnoll hits you with a +0 spear.
You die...

#..........................PP.
#####......#######.####.##...♣
#.###### #.####.###.PP #...#
#............ #.####
###.###........ #....#
#.......####### #.##.#
#......## #....#######......##
#..#.....@gg...###.#
##.....g###.#..###.# #
##................# #
####..#.#........# #
##..#.#....#...# # ###
#<.........#...# # ....
#..........#...### # .....
#.......#.##.....### #
...##...#.#.#.##.......# #


You could see 3 gnolls.

Vanquished Creatures
  Terence (D:2)
  A gnoll (D:2)
  2 adders (D:2)
  An ooze (D:1)
  A leopard gecko (D:1)
  4 bats
  3 giant cockroaches
  4 goblins
  4 hobgoblins
  3 jackals (D:1)
  3 kobolds (D:1)
  2 frilled lizards
  4 rats
33 creatures vanquished.

Vanquished Creatures (others)
  3 plants (D:2)
3 creatures vanquished.

Grand Total: 36 creatures vanquished

Notes
Turn   | Place    | Note
-------+----------+-------------------------------------------
     0 | D:1      | DeadFury222 the Hill Orc Monk began the quest for the Orb.
     0 | D:1      | Reached XP level 1. HP: 19/19 MP: 1/1
   256 | D:1      | Reached XP level 2. HP: 27/27 MP: 2/2
   310 | D:1      | Reached skill level 1 in Armour
   881 | D:1      | Reached XP level 3. HP: 33/33 MP: 3/3
  1345 | D:2      | Noticed Terence
  1371 | D:2      | Killed Terence
  1371 | D:2      | Reached skill level 5 in Axes
  1371 | D:2      | Reached XP level 4. HP: 22/40 MP: 4/4
  1754 | D:2      | Found a sparkling altar of Nemelex Xobeh.
  2112 | D:2      | Slain by a gnoll

Levels and vault maps discovered:
D:1:      roderic_crop_circles_arrival_small, layout_basic
D:2:      layout_basic, old_standard_altar, serial_forest,
          infiniplex_forest_lined_2, infiniplex_forest_end_2,
          infiniplex_forest_side_room, infiniplex_forest_straight_2,
          infiniplex_forest_lined_corner, infiniplex_forest_clump_small,
          infiniplex_forest_lined_room_2, infiniplex_forest_clump_medium,
          uniq_jessica, uniq_terence

Skill      XL: |  1  2  3 |
---------------+----------+-----
Fighting       | 4 |  4.3
Armour         | 1 2 |  2.6
Axes           | 5 |  5.2
Dodging        | |  2.4
Stealth        | |  1.5

Action                   |  1- 3 |  4- 6 || total
-------------------------+-------+-------++-------
Melee: Hand axe          |   152 |    51 ||   203
  Eat: Chunk             |     1 |     3 ||     4
Armor: Chain mail        |    78 |    48 ||   126
       Robe              |     1 |       ||     1
Dodge: Dodged            |    40 |    26 ||    66
